 Dungeon Crawl Stone Soup version 0.30-a0-381-g6ea064c7b4 (webtiles) character file.

Game seed: 3699558191325694286

121 lunkers the Ruffian (level 5, -4/45 HPs)
             Began as a Meteoran Fighter on Dec 1, 2022.
             Slain by a hobgoblin (5 damage)
             ... led by Robin
             ... on level 3 of the Dungeon.
             The game lasted 00:02:20 (959 turns).

lunkers the Ruffian (Meteoran Fighter)               Turns: 959, Time: 00:02:20

Health: -4/45      AC:  8    Str: 19    XL:     5   Next: 51%
Magic:  6/6        EV:  9    Int: 10    God:
Gold:   75         SH:  5    Dex: 13    Spells: 4/4 levels left

rFire   . . .      SeeInvis .      - Unarmed
rCold   . . .      Faith    .    b - +0 buckler
rNeg    . . .      Spirit   .    a - +0 scale mail
rPois   .          Reflect  .    (no helmet)
rElec   .          Harm     .    (no cloak)
rCorr   .          Rampage  .    n - +0 pair of gloves
Will    .....                    (no boots)
Stlth   ..........               (no amulet)
HPRegen 0.27/turn                (no ring)
MPRegen 0.10/turn                (no ring)

@: attractive, glowing
A: sense surroundings 1, otherworldly, glowing, explore regen
a: no special abilities


You were on level 3 of the Dungeon.
You visited 1 branch of the dungeon, and saw 3 of its levels.

You collected 75 gold pieces.

Inventory:

Armour
 a - a +0 scale mail (worn)
 b - a +0 buckler (worn)
 n - a +0 pair of gloves (worn)
Scrolls
 e - a scroll of torment {unknown}
 h - a scroll of vulnerability {unknown}
 i - 3 scrolls of identify {unknown}
 j - a scroll of noise {unknown}
 k - 3 scrolls of blinking {unknown}
 l - a scroll of enchant weapon {unknown}
Potions
 c - a potion of magic {unknown}
 d - a potion of attraction
 f - a potion of curing {unknown}
 g - a potion of degeneration {unknown}
 m - a potion of heal wounds {unknown}


   Skills:
 - Level 3.2 Fighting
 - Level 3.6 Armour
 - Level 3.6 Shields
 + Level 6.1 Unarmed Combat


You had 4 spell levels left.
You didn't know any spells.
Your spell library contained the following spells:

 Spells                   Type           Power      Damage    Failure   Level
 Summon Small Mammal      Summ           0%         N/A       82%         1
 Call Canine Familiar     Summ           0%         N/A       99%         3
 Ignite Poison            Fire/Tmut/Pois 0%         N/A       99%         3
 Kindle Blastsparks       Fire/Tloc/Air  0%         2d10      99%         3
 Ozocubu's Armour         Ice            0%         N/A       99%         3
 Summon Guardian Golem    Hex/Summ       0%         N/A       99%         3
 Freezing Cloud           Conj/Ice/Air   0%         6-21      100%        5
 Ozocubu's Refrigeration  Ice            0%         4d7       100%        7


Dungeon Overview and Level Annotations

Branches:
Dungeon (3/15) Zot: 825

Altars:

Shops:
D:3 (

Annotations:
D:3 Natasha, Robin


Innate Abilities, Weirdness & Mutations

You passively map a small area around you.
You are easily found by Zot.
You glow in the dark.
You regain HP and MP as you explore.


Message History

You barely miss the goblin.
You feel a little less mighty now. You block the goblin's attack.
Robin throws the goblin at you!
There are monsters nearby!
You closely miss the goblin. The goblin misses you.
The goblin hits you but does no damage.
You hit the goblin.
The goblin is moderately wounded.
You closely miss the goblin.
The goblin no longer looks unusually strong.
Robin roars a battlecry!
The goblin goes into a battle-frenzy!
You block the goblin's attack. The goblin hits you with a +0 dagger.
* * * LOW HITPOINT WARNING * * *
Natasha mumbles some strange words.
You punch the goblin!
You kill the goblin!
The goblin hits you but does no damage.
You hit the goblin.
You kill the goblin!
Robin roars a battlecry!
You hit the goblin.
You kill the goblin!
Robin says, "My army is invincible!"
You closely miss the hobgoblin. Robin throws the goblin at you!
* * * LOW HITPOINT WARNING * * *
You block the goblin's attack. The hobgoblin completely misses you.
You hit the goblin.
You kill the goblin!
The goblin no longer looks unusually strong.
Robin roars a battlecry!
The goblin goes into a battle-frenzy!
The hobgoblin hits you.
* * * LOW HITPOINT WARNING * * *
Okay, then.
Okay, then.
It was a potion of attraction.
You feel attractive to monsters. The hobgoblin hits you.
You die...

.#........#..............
*
..........#..............,
.....#....#...$..........
,*
.....#....#..............
,
.#...#....#.........##...
,* .#...#....#....g55..# ,
.#####....#....ggh..# , ##
#....######g####, ..
#.......# #@# ,, ..
*#.......###)####..., * >.
#.................. ..
#..............#... *
..,,*#..............# ..
#.....)†.......# ,, ..,
*####...........# .,
#...........# *
#...........# *


You could see an iron imp (summoned), Robin, Natasha, a crimson imp (summoned),
a hobgoblin (strong) and 2 goblins.

Vanquished Creatures
  Terence (D:3)
  Natasha (twice) (D:3)
  A gnoll (D:1)
  A worm (D:2)
  An orc (D:3)
  A ball python (D:1)
  3 bats
  5 endoplasms
  3 giant cockroaches
  7 goblins
  3 hobgoblins
  A kobold (D:3)
  2 frilled lizards (D:1)
  A rat (D:1)
32 creatures vanquished.

Notes
Turn   | Place    | Note
-------+----------+-------------------------------------------
     0 | D:1      | lunkers the Meteoran Fighter began the quest for the Orb.
     0 | D:1      | Reached XP level 1. HP: 19/19 MP: 2/2
    11 | D:1      | Noticed an electric eel
    99 | D:1      | Reached skill level 3 in Unarmed Combat
    99 | D:1      | Reached XP level 2. HP: 26/26 MP: 3/3
   384 | D:1      | Reached skill level 4 in Unarmed Combat
   384 | D:1      | Reached XP level 3. HP: 3/31 MP: 4/4
   689 | D:3      | Found Tumpynae's Weapon Boutique.
   732 | D:3      | Noticed Natasha
   746 | D:3      | Killed Natasha
   747 | D:3      | Reached skill level 5 in Unarmed Combat
   747 | D:3      | Reached XP level 4. HP: 9/38 MP: 5/5
   905 | D:3      | Noticed Natasha
   907 | D:3      | Noticed Terence
   916 | D:3      | Killed Terence
   917 | D:3      | Reached XP level 5. HP: 21/45 MP: 6/6
   919 | D:3      | Killed Natasha
   920 | D:3      | Reached skill level 6 in Unarmed Combat
   932 | D:3      | Noticed Natasha
   936 | D:3      | Noticed Robin
   958 | D:3      | HP: 1/45 [hobgoblin[Robin] (6)]
   959 | D:3      | Slain by a hobgoblin

Illustrated notes

Levels and vault maps discovered:
D:1:      arrival_aquarium_a, layout_loops_ring
D:2:      layout_rooms, serial_curves, eino_curves_02, eino_curves_02
D:3:      layout_basic, lemuel_tele_altar,
          nicolae_gozag_cash_rules_everything_around_me, serial_shops,
          nicolae_lakefront_shop, uniq_robin, uniq_terence, uniq_natasha

Skill      XL: |  1  2  3  4  5 |
---------------+----------------+-----
Unarmed Combat | 3 4 5 6 |  6.1
Fighting       | |  3.2
Armour         | |  3.6
Shields        | |  3.6

Action                   |  1- 3 |  4- 6 || total
-------------------------+-------+-------++-------
Melee: Unarmed           |    92 |    33 ||   125
  Use: Potion            |       |     2 ||     2
Armor: Scale mail        |    28 |    15 ||    43
Dodge: Dodged            |    20 |    16 ||    36
Block: Buckler           |     9 |    11 ||    20

Table legend: (Time is in decaauts)
 A = Elapsed time spent in this place.
 B = Non-inter-level travel time spent in this place.
 C = Inter-level travel time spent in this place.
 D = Time resting spent in this place.
 E = Time spent auto-exploring this place.
 F = Levels seen in this place.
 G = Mean time per level.
                   A        B        C        D        E       F      G
               +--------+--------+--------+--------+--------+-----+--------+
         Total |    974 |    941 |     33 |      0 |    650 |   3 |  324.7 |
       Dungeon |    974 |    941 |     33 |      0 |    650 |   3 |  324.7 |
               +--------+--------+--------+--------+--------+-----+--------+

Top non-repeatable levels by time:
     D:1: 481 daAuts
     D:3: 320 daAuts
     D:2: 171 daAuts
